 Dungeon Crawl Stone Soup version 0.21.1-1-g345015fe64 (webtiles) character file.

221 Jannitor the Ducker (level 5, 0/42 HPs)
             Began as a Spriggan Berserker on May 25, 2018.
             Was a Believer of Trog.
             Succumbed to a worker ant's poison
             ... on level 4 of the Dungeon.
             The game lasted 00:07:10 (4260 turns).

Jannitor the Ducker (Spriggan Berserker)            Turns: 4260, Time: 00:07:11

Health: 0/42       AC:  2    Str: 17 (19) XL:     5   Next: 65%
Magic:  6/6        EV: 20    Int: 12 (14) God:    Trog [**....]
Gold:   256        SH:  0    Dex: 13 (15) Spells: 4/4 levels left

rFire    . . .     SeeInvis +   a - +0 short sword
rCold    . . .     Gourm    .   (shield restricted)
rNeg     . . .     Faith    .   b - +0 animal skin
rPois    .         Spirit   .   (helmet restricted)
rElec    .         Reflect  .   k - scarf {cloud immunity}
rCorr    .         Harm     .   (gloves unavailable)
MR       .....                  (boots unavailable)
Stlth    ..........             (no amulet)
HPRegen  0.14/turn              (no ring)
MPRegen  0.10/turn              (no ring)

@: brilliant, berserking (expiring), lethally poisoned (0 -> -3), very quick
A: very small, unfitting armour, see invisible, herbivore, speed 3, slow
metabolism 2
a: Berserk, Trog's Hand, Burn Spellbooks, Renounce Religion


You were on level 4 of the Dungeon.
You worshipped Trog.
Trog was pleased with you.
You were not hungry.

You visited 1 branch of the dungeon, and saw 4 of its levels.

You collected 256 gold pieces.

Inventory:

Hand Weapons
 a - a +0 short sword (weapon)
 o - a +1 blowgun
Missiles
 d - 29 poisoned needles
Armour
 b - a +0 animal skin (worn)
 k - a scarf of cloud immunity (worn)
Jewellery
 n - an uncursed ring of ice
Wands
 p - a wand of clouds (3)
Scrolls
 e - 3 scrolls of teleportation
 g - 5 scrolls of identify
 h - a scroll of blinking {unknown}
 i - 3 scrolls of amnesia {unknown}
 j - 2 scrolls of remove curse {unknown}
 q - 2 scrolls of enchant armour {unknown}
Potions
 l - a potion of lignification
 m - a potion of heal wounds
Comestibles
 c - 3 rations


   Skills:
 + Level 3.1 Fighting
 + Level 4.2 Short Blades
 * Level 1.5 Throwing
 + Level 5.6 Dodging
 + Level 4.8 Stealth


You had 4 spell levels left.
You didn't know any spells.

Dungeon Overview and Level Annotations

Branches:
Dungeon (4/15)
 Temple: D:4-7

Altars:
Sif Muna

Annotations:
D:2 exclusion: hobgoblin, Natasha
D:3 Dracia's ghost, amateur GrFi
D:4 Peloso's ghost, amateur MiFi


Innate Abilities, Weirdness & Mutations

You are very small and have problems with some larger weapons.
You are too small for most types of armour.
You have supernaturally acute eyesight. (SInv)
You are a herbivore.
You cover ground extremely quickly.
You need consume almost no food.


Message History

Items here: )) [ †† a mace; a dagger; a robe; a worker ant corpse; an orc corpse You puncture Peloso's ghost!
Peloso's ghost is lightly damaged.
You puncture Peloso's ghost!
Peloso's ghost is moderately damaged.
You feel sick. Peloso's ghost hits you! The iguana closely misses you.
You are too injured to fight recklessly!
You are too injured to fight recklessly!
You are too injured to fight recklessly!
You closely miss Peloso's ghost.
Peloso's ghost is moderately damaged.
Peloso's ghost hits you!
* * * LOW HITPOINT WARNING * * *
You puncture Peloso's ghost!
Peloso's ghost is heavily damaged.
The iguana bites you!
* * * LOW HITPOINT WARNING * * *
You feel a strong urge to attack something.
You die...

############ ####.....[.....
###########.##...........
#...........##...........
#.........#.##...........
#............Wl..........
##########.##.#.##...........
#.............#@#####....####
#.....###...........+........
#.....# #..#..#.#####)...####
#.....###.......#####....#
#....................#..##
#......##.##............#
#.........###.######.##.# .
#.........# #.# #.##W# .
#........(###.#####.....########


There were no monsters in sight!

Vanquished Creatures
  An orc priest (D:3)
  2 orc wizards (D:4)
  A worker ant (D:4)
  3 adders
  An ooze (D:3)
  3 worms
  2 dart slugs
  A leopard gecko (D:1)
  9 orcs
  6 ball pythons
  6 bats
  A giant cockroach (D:1)
  5 goblins
  6 hobgoblins
  3 jackals (D:1)
  3 frilled lizards
  7 kobolds
  A leopard gecko skeleton (D:4)
  3 rats
64 creatures vanquished.

Notes
Turn   | Place    | Note
-------+----------+-------------------------------------------
     0 | D:1      | Jannitor the Spriggan Berserker began the quest for the Orb.
     0 | D:1      | Reached XP level 1. HP: 11/11 MP: 2/2
    26 | D:1      | Reached skill level 1 in Stealth
   342 | D:1      | Reached XP level 2. HP: 16/16 MP: 3/3
  1397 | D:2      | Noticed Natasha
  1511 | D:3      | Reached XP level 3. HP: 12/19 MP: 4/4
  1521 | D:3      | Reached skill level 5 in Dodging
  1828 | D:3      | Reached XP level 4. HP: 19/23 MP: 5/5
  1921 | D:3      | Noticed Dracia's ghost (amateur GrFi)
  2010 | D:2      | Reached ** piety under Trog
  2466 | D:2      | Found a deep blue altar of Sif Muna.
  3625 | D:4      | Reached XP level 5. HP: 19/28 MP: 6/6
  3710 | D:4      | Noticed Peloso's ghost (amateur MiFi)
  4089 | D:4      | Reached skill level 1 in Throwing
  4257 | D:4      | HP: 1/42 [iguana (11)]
  4260 | D:4      | Succumbed to a worker ant's poison

Skill      XL: |  1  2  3  4  5 |
---------------+----------------+-----
Stealth        | 1 2 3 4 |  4.8
Dodging        | 5 |  5.6
Short Blades   | 4 |  4.2
Fighting       | 3 |  3.1
Throwing       | 1 |  1.5

Action                   |  1- 3 |  4- 6 || total
-------------------------+-------+-------++-------
Melee: Short sword       |   116 |   138 ||   254
Invok: Berserk           |     2 |     5 ||     7
       Trog's Hand       |       |     1 ||     1
  Use: Scroll            |       |     5 ||     5
       Potion            |       |     2 ||     2
 Stab: Sleeping          |     7 |     7 ||    14
  Eat: Ration            |       |     4 ||     4
Armor: Animal skin       |    11 |     5 ||    16
Dodge: Dodged            |    75 |    93 ||   168
